 Dungeon Crawl Stone Soup version 0.31-a0-819-gf6de2f5ab6 (webtiles) character file.

Game seed: 6458214230572906912

4507 croobank the Covert (level 10, -4/82 HPs)
             Began as a Gnoll Delver on Sept 24, 2023.
             Was an Initiate of Gozag.
             Slain by a human
             ... wielding a +0 war axe
              (14 damage)
             ... in a bailey.
             The game lasted 00:27:04 (9233 turns).

croobank the Covert (Gnoll Delver)                  Turns: 9233, Time: 00:27:05

Health: -4/82      AC:  6    Str: 12    XL:     10   Next: 39%
Magic:  7/18       EV: 19    Int: 13    God:    Gozag
Gold:   801        SH:  0    Dex: 14    Spells: 5/19 levels left

rFire   . . .        z - +1 morningstar (spect)
rCold   . . .        (no shield)
rNeg    . . .        b - +3 leather armour of Indemnity {rPois Stlth+}
rPois   +            (helmet currently unavailable)
rElec   .            (cloak currently unavailable)
rCorr   .            (gloves currently unavailable)
SInv    .            (boots currently unavailable)
Will    .....        (no amulet)
Stlth   +++++        v - +5 ring of evasion
HPRegen 0.33/turn    d - ring of wizardry
MPRegen 0.16/turn

%: wizardry (x1)
@: beast-form, gold aura
A: beast (slay +2), fangs 1, strong nose, distributed training
a: Begin Untransformation, Renounce Religion, Potion Petition, Call Merchant,
Bribe Branch


You were in a bailey.
You worshipped Gozag.
Gozag was pleased with you.
You were a hulking beast.
You visited 2 branches of the dungeon, and saw 9 of its levels.
You also visited: Sewer and Bailey.

You collected 1857 gold pieces.
You paid 1056 gold pieces to Gozag.

Inventory:

Hand Weapons
 a - a +0 short sword
 i - a +0 dagger
 l - a +3 flail of protection
 m - a +2 vampiric trident
 r - a +2 mace of protection
 z - a +1 spectral morningstar (weapon)
 L - a +0 broad axe
 N - a +2 whip of pain
 R - a +4 heavy hand axe
Missiles
 o - 6 boomerangs (quivered)
 D - 3 javelins
 E - 6 poisoned darts
Armour
 b - the +3 leather armour of Indemnity (worn) {rPois Stlth+}
   (You found it on level 3 of the Dungeon)

   rPois:     It protects you from poison Stlth+: It makes you more stealthy.
 h - the +0 scale mail of Experimentation {Int+3}
   (You found it on level 3 of the Dungeon)

   Int+3:     It affects your intelligence (+3).
 q - a +2 pair of boots
 y - a +0 cloak
 C - a +1 ring mail of poison resistance
 H - a +0 hat
Magical Staves
 k - a staff of cold
 p - a staff of poison
Jewellery
 d - a ring of wizardry (right hand)
 v - a +5 ring of evasion (left hand)
 K - the ring "Uptao" {rPois rC+ Str+4}
   (You found it on level 6 of the Dungeon)

   [ring of poison resistance]

   Str+4:     It affects your strength (+4).
   rC+:       It protects you from cold.
   rPois:     It protects you from poison
 Q - a ring of fire
Talismans
 n - a beast talisman (active)
 s - a granite talisman
 M - a maw talisman
Wands
 g - a wand of digging (3)
 B - a wand of flame (37)
 J - a wand of acid (8)
Scrolls
 c - 2 scrolls of fog
 e - 3 scrolls of fear
 f - a scroll of blinking
 j - 4 scrolls of teleportation
 P - a scroll of poison
Potions
 t - a potion of lignification
 u - 5 potions of curing
 w - a potion of magic
 x - a potion of mutation
 A - 2 potions of berserk rage
 F - 2 potions of attraction {unknown}
 G - a potion of enlightenment {unknown}
 I - 2 potions of cancellation {unknown}
 O - a potion of heal wounds {unknown}


   Skills:
 + Level 8.5 Fighting
 + Level 7.1 Short Blades
 + Level 5.3 Long Blades
 + Level 5.3 Axes
 + Level 5.3 Maces & Flails
 + Level 5.3 Polearms
 + Level 5.3 Staves
 + Level 5.3 Ranged Weapons
 + Level 5.3 Throwing
 + Level 5.3 Armour
 + Level 7.1 Dodging
 + Level 11.0 Stealth
 + Level 5.3 Shields
 + Level 5.3 Unarmed Combat
 + Level 5.3 Spellcasting
 + Level 4.4 Conjurations
 + Level 4.4 Hexes
 + Level 4.4 Summonings
 + Level 4.4 Necromancy
 + Level 4.4 Translocations
 + Level 4.4 Transmutations
 + Level 4.4 Fire Magic
 + Level 4.4 Ice Magic
 + Level 4.4 Air Magic
 + Level 4.4 Earth Magic
 + Level 4.4 Poison Magic
 + Level 5.8 Invocations
 + Level 5.3 Evocations
 + Level 4.8 Shapeshifting


You had 5 spell levels left.
You knew the following spells:

 Your Spells              Type           Power      Damage    Failure   Level
a - Mephitic Cloud        Conj/Pois/Air  14%        N/A       4%          3
b - Ignite Poison         Fire/Tmut/Pois 14%        N/A       4%          3
c - Poisonous Vapours     Pois/Air       28%        N/A       2%          2
d - Summon Guardian Gole  Hex/Summ       14%        N/A       4%          3
e - Swiftness             Air            14%        N/A       4%          3

Your spell library contained the following spells:

 Spells                   Type           Power      Damage    Failure   Level
 Foxfire                  Conj/Fire      56%        2x1d6     1%          1
 Cigotuvi's Dreadful Rot  Necr/Pois/Air  28%        N/A       2%          2
 Static Discharge         Conj/Air       28%        2-4/arc   2%          2
 Hailstorm                Conj/Ice       14%        3d5       4%          3
 Manifold Assault         Tloc           14%        N/A       16%         4
 Passage of Golubria      Tloc           14%        N/A       16%         4
 Sticky Flame             Conj/Fire      14%        2d4       16%         4
 Summon Lightning Spire   Summ/Air       14%        N/A       16%         4
 Arcjolt                  Conj/Air       7%         1d17      38%         5
 Fireball                 Conj/Fire      7%         3d5       38%         5
 Freezing Cloud           Conj/Ice/Air   7%         6-21      38%         5
 Silence                  Hex/Air        7%         N/A       38%         5
 Conjure Ball Lightning   Conj/Air       7%         3x3d6     89%         6
 Dispersal                Tloc           7%         N/A       89%         6
 Plasma Beam              Fire/Air       7%         2x1d17    89%         6
 Starburst                Conj/Fire      7%         6d4       89%         6
 Disjunction              Tloc           7%         N/A       100%        8
 Lehudib's Crystal Spear  Conj/Erth      7%         10d3      100%        8


Dungeon Overview and Level Annotations

Branches:
Dungeon (8/15)             Temple (1/1) D:6           Sewer (visited)
 Bailey (1/1)
   Lair: D:8-11

Altars:
Ashenzari
Cheibriados
Dithmenos
Elyvilon
Fedhas
Gozag
Hepliaklqana
Makhleb
Nemelex Xobeh
Okawaru
Qazlal
Ru
Sif Muna
Trog
Uskayaw
Vehumet
Wu Jian
Xom
Yredelemnul
Zin
The Shining One

Shops:
D:1 [


Innate Abilities, Weirdness & Mutations

You are a hulking beast.
Your limbs bulge with bestial killing power. (Slay +2)
You have very sharp teeth.
Your uncanny sense of smell can sniff out nearby items.
Your experience applies equally to all skills.


Message History

The bullfrog hits you but does no damage.
You hit the human but do no damage.
The human is lightly wounded.
Your +1 spectral morningstar hits the human.
The bullfrog misses you. The human hits you with a +0 war axe!
The human hits your +1 spectral morningstar with a +0 war axe!
Your spectral weapon shares its damage with you!
The bullfrog barely misses you.
You are too injured to fight recklessly!
You are too injured to fight recklessly!
You are too injured to fight recklessly!
You hit the bullfrog. Your bite misses the bullfrog.
The bullfrog is moderately wounded.
Your +1 spectral morningstar closely misses the bullfrog.
The bullfrog barely misses you.
The human is distracted by your dazzling golden aura.
The bullfrog barely misses you.
The human shouts!
You closely miss the bullfrog.
The bullfrog is moderately wounded.
Your +1 spectral morningstar barely misses the bullfrog.
The human is no longer distracted by gold.
The bullfrog barely misses you. The human hits you with a +0 war axe!
* * * LOW HITPOINT WARNING * * *
The human misses your +1 spectral morningstar.
The bullfrog misses you.
You hit the bullfrog. You bite the bullfrog.
The bullfrog is heavily wounded.
Your +1 spectral morningstar hits the bullfrog.
The bullfrog completely misses you. The human barely misses you.
The human barely misses your +1 spectral morningstar.
The bullfrog barely misses you.
You closely miss the bullfrog. Your bite misses the bullfrog.
The bullfrog is severely wounded.
Your +1 spectral morningstar misses the bullfrog.
The bullfrog hits you.
* * * LOW HITPOINT WARNING * * *
The human hits you with a +0 war axe!
You die...
Your body crumbles into a pile of gold.

#..∩..'~~~# ....
#...).######..#
#≈≈≈≈
#..∩.[))...#'#
≈~~~~
##...##)...).#
~~~~~~
#####...)...#
≈~~~~~
#...#######≈~.~~~
#..##..#≈≈≈~.....
#...#..#..p......
#...#.$'$h$~~$...
##.....#~(F≈≈≈~~.
##.$..#≈≈####≈≈~
#########∆∆ ≈


You could see a human, a bullfrog and a friendly +1 spectral morningstar.

Vanquished Creatures
  A hornet (D:8)
  5 yaks
  8 humans (Bailey)
  A steam dragon (D:8)
  Edmund (D:4)
  An orc warrior (D:6)
  A black bear (D:4)
  An ice beast (D:7)
  3 ogres
  A phantom (D:6)
  A centaur (D:8)
  Blork the orc (D:6)
  14 bullfrogs
  2 scorpions
  2 jellies
  A hound (D:6)
  A gnoll bouda (D:7)
  An iguana (D:4)
  Terence (D:2)
  5 gnolls
  13 adders
  A shadow imp (D:6)
  2 white imps (D:5)
  An ufetubus (D:7)
  4 worms
  2 dart slugs
  14 orcs
  11 endoplasms
  10 giant cockroaches
  9 goblins
  11 hobgoblins
  3 jackals
  3 kobolds
  9 quokkas
  7 ball pythons
  7 bats
  12 frilled lizards
  5 rats
176 creatures vanquished.

Notes
Turn   | Place    | Note
-------+----------+-------------------------------------------
     0 | D:5      | Reached skill level 9 in Stealth
     0 | D:5      | croobank the Gnoll Delver began the quest for the Orb.
     0 | D:5      | Reached XP level 1. HP: 23/23 MP: 1/1
     9 | D:6      | Noticed an orc warrior
    10 | D:6      | Killed an orc warrior
    11 | D:6      | Reached skill level 1 in Long Blades
    11 | D:6      | Reached skill level 1 in Axes
    11 | D:6      | Reached skill level 1 in Maces & Flails
    11 | D:6      | Reached skill level 1 in Polearms
    11 | D:6      | Reached skill level 1 in Staves
    11 | D:6      | Reached skill level 1 in Ranged Weapons
    11 | D:6      | Reached skill level 1 in Throwing
    11 | D:6      | Reached skill level 1 in Armour
    11 | D:6      | Reached skill level 1 in Shields
    11 | D:6      | Reached skill level 1 in Unarmed Combat
    11 | D:6      | Reached skill level 1 in Spellcasting
    11 | D:6      | Reached skill level 1 in Conjurations
    11 | D:6      | Reached skill level 1 in Hexes
    11 | D:6      | Reached skill level 1 in Summonings
    11 | D:6      | Reached skill level 1 in Necromancy
    11 | D:6      | Reached skill level 1 in Translocations
    11 | D:6      | Reached skill level 1 in Transmutations
    11 | D:6      | Reached skill level 1 in Fire Magic
    11 | D:6      | Reached skill level 1 in Ice Magic
    11 | D:6      | Reached skill level 1 in Air Magic
    11 | D:6      | Reached skill level 1 in Earth Magic
    11 | D:6      | Reached skill level 1 in Poison Magic
    11 | D:6      | Reached skill level 1 in Invocations
    11 | D:6      | Reached skill level 1 in Evocations
    11 | D:6      | Reached skill level 1 in Shapeshifting
    11 | D:6      | Reached XP level 2. HP: 29/29 MP: 1/3
    11 | D:6      | Reached XP level 3. HP: 35/35 MP: 1/4
    11 | D:6      | Reached XP level 4. HP: 41/41 MP: 1/5
    71 | D:5      | Noticed an ogre
    75 | D:5      | Killed an ogre
    76 | D:5      | Reached XP level 5. HP: 47/47 MP: 5/7
   100 | D:5      | Found a glowing drain.
   205 | Sewer    | Entered a sewer
   326 | Sewer    | Reached XP level 6. HP: 44/53 MP: 8/8
   904 | Sewer    | Reached skill level 5 in Short Blades
   904 | Sewer    | Reached skill level 5 in Dodging
  1624 | D:3      | Reached XP level 7. HP: 59/59 MP: 10/10
  1636 | D:3      | Identified the +3 leather armour of Indemnity {rPois
                  | Stlth+}
  2214 | D:3      | Got a colourful book
  2260 | D:3      | Found a glowing silver altar of Zin.
  2546 | D:1      | Found a faded altar of an unknown god.
  2557 | D:1      | Found Wetomeku's Armour Emporium.
  3178 | D:2      | Noticed Terence
  3181 | D:2      | Killed Terence
  3640 | D:2      | Identified a scroll of acquirement
  3640 | D:2      | Acquired 1002 gold pieces
  3751 | D:3      | Identified the +0 scale mail of Experimentation {Int+3}
  4256 | D:4      | Acquired Sif Muna's Discourse on the Brume
  4322 | D:4      | Noticed Edmund
  4338 | D:4      | Killed Edmund
  4339 | D:4      | Reached skill level 10 in Stealth
  4720 | D:4      | Found a snail-covered altar of Cheibriados.
  4853 | D:5      | Found a hide-covered altar of Uskayaw.
  4882 | D:5      | Found a broken altar of Ashenzari.
  4918 | D:5      | Reached XP level 8. HP: 34/67 MP: 12/12
  5134 | D:5      | Learned a level 3 spell: Mephitic Cloud
  5138 | D:5      | Learned a level 3 spell: Ignite Poison
  5584 | D:6      | Found a staircase to the Ecumenical Temple.
  5616 | Temple   | Entered the Ecumenical Temple
  5674 | Temple   | Became a worshipper of Gozag Ym Sagoz the Greedy
  5754 | D:6      | Acquired the Omnibus of Congregated Degeneration
  5759 | D:6      | Learned a level 2 spell: Poisonous Vapours
  5763 | D:6      | Learned a level 3 spell: Summon Guardian Golem
  5820 | D:6      | Found an ornate altar of the Wu Jian Council.
  6045 | D:6      | Identified the ring "Uptao" {rPois rC+ Str+4}
  6265 | D:6      | Noticed Blork the orc
  6273 | D:6      | Killed Blork the orc
  6627 | D:7      | Noticed a yak
  6627 | D:7      | Noticed a yak
  6629 | D:7      | Noticed a yak
  6629 | D:7      | Noticed a yak
  6642 | D:6      | Killed a yak
  6775 | D:7      | Reached XP level 9. HP: 73/73 MP: 14/14
  7624 | D:7      | Found a stormy altar of Qazlal.
  7625 | D:7      | Found a blossoming altar of Fedhas.
  8104 | D:8      | Found a shimmering blue altar of Sif Muna.
  8181 | D:8      | Noticed a manticore
  8338 | D:8      | Noticed a hornet
  8346 | D:8      | Killed a hornet
  8347 | D:8      | Reached skill level 5 in Invocations
  8544 | D:8      | Found a sacrificial altar of Ru.
  8544 | D:8      | Found a hazy altar of Hepliaklqana.
  8545 | D:8      | Found a shimmering altar of Xom.
  8601 | D:8      | Found a flagged portal.
  8681 | Bailey   | Entered a bailey
  8686 | Bailey   | Learned a level 3 spell: Swiftness
  8717 | Bailey   | Reached XP level 10. HP: 27/80 MP: 1/17
  8725 | Bailey   | Reached skill level 5 in Long Blades
  8725 | Bailey   | Reached skill level 5 in Axes
  8725 | Bailey   | Reached skill level 5 in Maces & Flails
  8725 | Bailey   | Reached skill level 5 in Polearms
  8725 | Bailey   | Reached skill level 5 in Staves
  8725 | Bailey   | Reached skill level 5 in Ranged Weapons
  8725 | Bailey   | Reached skill level 5 in Throwing
  8725 | Bailey   | Reached skill level 5 in Armour
  8725 | Bailey   | Reached skill level 5 in Shields
  8725 | Bailey   | Reached skill level 5 in Unarmed Combat
  8725 | Bailey   | Reached skill level 5 in Spellcasting
  8725 | Bailey   | Reached skill level 5 in Evocations
  9226 | Bailey   | Reached skill level 11 in Stealth
  9233 | Bailey   | Slain by a human

Illustrated notes

Levels and vault maps discovered:
D:1:      minmay_arrival_stair_chambers, layout_rooms, serial_shops,
          nicolae_shop_just_a_little_nook, basic_ecumenical_altar, fountainhead
D:2:      cheibrodos_old_hovel, layout_loops_corners, minmay_misc_feat_columns,
          uniq_terence
D:3:      layout_rooms, mainiacjoe_overflow_boulevard, moated_statue,
          minmay_misc_feat_five
D:4:      layout_rooms, lemuel_crystal_altar, kennysheep_flooded_box,
          uniq_edmund
D:5:      layout_gridville, mainiacjoe_overflow_catch_the_wave,
          portal_sewer_entry_f
D:6:      layout_basic, mainiacjoe_overflow_alcove_4,
          minmay_temple_entry_antechambers, minmay_misc_feat_x,
          uniq_blork_the_orc
D:7:      layout_layer_cave, grunt_temple_overflow_forces_of_nature,
          lemuel_flamethrower_2
D:8:      layout_basic, mainiacjoe_overflow_tiny_flanked,
          gammafunk_temple_overflow_claw, enter_bailey_3, minmay_misc_feat_room
Temple:   hellmonk_temple_beads
Bailey:   bailey_axe_froggy_fort_hellmonk, bailey

Skill      XL: |  1  2  3  4  5  6  7  8  9 10 |
---------------+-------------------------------+-----
Stealth        | 10 11 | 11.0
Long Blades    | 1 2 3 4 5 |  5.3
Axes           | 1 2 3 4 5 |  5.3
Maces & Flails | 1 2 3 4 5 |  5.3
Polearms       | 1 2 3 4 5 |  5.3
Staves         | 1 2 3 4 5 |  5.3
Ranged Weapons | 1 2 3 4 5 |  5.3
Throwing       | 1 2 3 4 5 |  5.3
Armour         | 1 2 3 4 5 |  5.3
Shields        | 1 2 3 4 5 |  5.3
Unarmed Combat | 1 2 3 4 5 |  5.3
Spellcasting   | 1 2 3 4 5 |  5.3
Conjurations   | 1 2 3 4 |  4.4
Hexes          | 1 2 3 4 |  4.4
Summonings     | 1 2 3 4 |  4.4
Necromancy     | 1 2 3 4 |  4.4
Translocations | 1 2 3 4 |  4.4
Transmutations | 1 2 3 4 |  4.4
Fire Magic     | 1 2 3 4 |  4.4
Ice Magic      | 1 2 3 4 |  4.4
Air Magic      | 1 2 3 4 |  4.4
Earth Magic    | 1 2 3 4 |  4.4
Poison Magic   | 1 2 3 4 |  4.4
Invocations    | 1 2 3 4 5 |  5.8
Evocations     | 1 2 3 4 5 |  5.3
Shapeshifting  | 1 2 3 4 |  4.8
Short Blades   | 5 6 7 |  7.1
Dodging        | 5 6 7 |  7.1
Fighting       | 7 8 |  8.5

Action                     |  1- 3 |  4- 6 |  7- 9 | 10-12 || total
---------------------------+-------+-------+-------+-------++-------
  Melee: Short sword       |     1 |   305 |   165 |       ||   471
         Bite              |       |    24 |    31 |     9 ||    64
         Punch             |       |     4 |    10 |     1 ||    15
         Morningstar       |       |       |   119 |    40 ||   159
         Dagger            |       |       |     5 |       ||     5
  Throw: Boomerang         |       |       |    15 |       ||    15
   Cast: Mephitic Cloud    |       |       |     4 |     5 ||     9
         Ignite Poison     |       |       |     1 |     1 ||     2
 Invoke: Potion Petition   |       |       |       |     1 ||     1
  Evoke: Wand              |       |       |     1 |       ||     1
    Use: Scroll            |       |     1 |    16 |       ||    17
         Potion            |       |     1 |       |     1 ||     2
   Stab: Sleeping          |     1 |     9 |    34 |       ||    44
         Distracted        |       |       |     5 |     1 ||     6
         Confused          |       |       |       |     4 ||     4
         Invisible         |       |       |       |     4 ||     4
 Armour: Leather armour    |       |   118 |    88 |    24 ||   230
  Dodge: Dodged            |       |   182 |   195 |    52 ||   429
   Form: Beast             |       |       |     1 |       ||     1

Table legend: (Time is in decaauts)
 A = Elapsed time spent in this place.
 B = Non-inter-level travel time spent in this place.
 C = Inter-level travel time spent in this place.
 D = Time resting spent in this place.
 E = Time spent auto-exploring this place.
 F = Levels seen in this place.
 G = Mean time per level.
                   A        B        C        D        E       F      G
               +--------+--------+--------+--------+--------+-----+--------+
         Total |   9199 |   8673 |    526 |   2232 |   4138 |  11 |  836.3 |
       Dungeon |   7570 |   7159 |    411 |   1277 |   4107 |   8 |  946.2 |
        Temple |    116 |      1 |    115 |      0 |      0 |   1 |  116.0 |
         Sewer |    961 |    961 |      0 |    551 |     30 |   1 |  961.0 |
        Bailey |    551 |    551 |      0 |    403 |      0 |   1 |  551.0 |
               +--------+--------+--------+--------+--------+-----+--------+

Top non-repeatable levels by time:
     D:3: 1431 daAuts
     D:7: 1385 daAuts
     D:6: 1179 daAuts
     D:5: 981 daAuts
   Sewer: 961 daAuts
     D:2: 869 daAuts
     D:4: 645 daAuts
     D:8: 594 daAuts
  Bailey: 551 daAuts
     D:1: 483 daAuts
  Temple: 116 daAuts
